 Dungeon Crawl Stone Soup version 0.30.0-29-ga12c61a403 (webtiles) character file.

Game seed: 9857179403428670004

140 loir the Magician (level 5, -3/40 HPs)
             Began as a Djinni Conjurer on June 11, 2023.
             Slain by Ijyb
             ... wielding a +0 club
              (11 damage)
             ... on level 3 of the Dungeon.
             The game lasted 00:15:37 (2301 turns).

loir the Magician (Djinni Conjurer)                 Turns: 2301, Time: 00:15:37

Health: -3/40      AC:  4    Str:  6    XL:     5   Next: 46%
Gold:   83         EV: 12    Int: 21    God:
                   SH:  0    Dex: 12

rFire   + + .        i - +0 short sword
rCold   x . .        (no shield)
rNeg    + . .        e - +2 robe {rN+}
rPois   ∞            (no helmet)
rElec   .            (no cloak)
rCorr   +            (no gloves)
SInv    +            (boots unavailable)
Will    .....        (no amulet)
Stlth   ++           c - ring of see invisible
HPRegen 0.26/turn    h - ring of resist corrosion
MPRegen 0.00/turn

%: infuse magic (-4 HP)
@: flying, very slightly contaminated
A: sickness immunity, fire resistance 2, cold vulnerability 1, float, innate
caster, HP casting, extra vitality 1
a: no special abilities


You were on level 3 of the Dungeon.
You visited 1 branch of the dungeon, and saw 3 of its levels.

You collected 175 gold pieces.
You spent 92 gold pieces at shops.

Inventory:

Hand Weapons
 i - a +0 short sword (weapon)
Armour
 e - a +2 robe of positive energy (worn)
Jewellery
 b - a ring of protection from fire
 c - a ring of see invisible (left hand)
 h - a ring of resist corrosion (right hand)
Scrolls
 g - a scroll of poison
Potions
 a - a potion of berserk rage {unknown}
 d - 2 potions of degeneration {unknown}
 j - 2 potions of attraction


   Skills:
 * Level 2.8 Fighting
 + Level 3.2 Dodging
 - Level 1.5 Stealth
 * Level 4.0 Spellcasting


You knew the following spells:

 Your Spells              Type           Power      Damage    Failure   Level
a - Magic Dart            Conj           84%        1d7       2%          1
b - Searing Ray           Conj           42%        2d6       3%          2
c - Dazzling Flash        Conj/Hex       42%        N/A       7%          3
d - Fulminant Prism       Conj/Hex       10%        3d9       22%         4
e - Iskenderun's Mystic   Conj/Tloc      21%        2d6       22%         4
f - Necrotise             Necr           84%        1d8       2%          1
g - Static Discharge      Conj/Air       42%        2-4/arc   3%          2
Your spell library was empty.

Dungeon Overview and Level Annotations

Branches:
Dungeon (3/15)

Altars:

Shops:
D:2 [

Annotations:
D:2 1 runed translucent door, Crazy Yiuf, Grinder
D:3 Ijyb


Innate Abilities, Weirdness & Mutations

You are immune to sickness and miasma.
You are immune to poison.
Your flesh is very heat resistant. (rF++)
You are vulnerable to cold. (rC-)
You float through the air rather than walking.
You learn spells naturally, not from books.
Your magical power is your life essence.
You have superior vitality. (+4 MHP)


Message History

Confirm with . or Enter, or press ? or * to list all spells.
The spell is quite dangerous to miscast (22% risk of failure)!
Continue anyway?
Aiming: Fulminant Prism (quite dangerous; 22% risk of failure)
Press: ? - help, Dir - move target You conjure a prism of explosive energy!
A fulminant prism comes into view.
Your fulminant prism crackles loudly.
Your fulminant prism explodes!
Aiming: Magic Dart (safe; 2% risk of failure)
Press: ? - help, Q - select action, (/) - cycle Shift-Dir - straight line, f - Ijyb
Aim: Ijyb, wielding a +0 club, wearing a +0 ring mail and carrying a wand of iceblast (8) (100% to hit)
The magic dart hits Ijyb but does no damage.
Casting: Magic Dart (safe; 2% risk of failure)
Confirm with . or Enter, or press ? or * to list all spells.
Aiming: Searing Ray (safe; 3% risk of failure)
Press: ? - help, Shift-Dir - straight line, p - Ijyb
Okay, then.
Ijyb attacks as you move away! Ijyb hits you with a +0 club.
Ijyb screams, "Get away!"
Ijyb drinks a potion.
Ijyb seems to grow stronger.
Ijyb zaps a wand.
The mass of ice explodes!
The iceblast engulfs you!
You feel a painful chill!
* * * LOW HITPOINT WARNING * * *
As you read the scroll labelled IFFEFRAYPO, it crumbles to dust.
It is a scroll of identify.
j - 2 potions of attraction
Casting: Searing Ray (safe; 3% risk of failure)
Confirm with . or Enter, or press ? or * to list all spells.
Aiming: Searing Ray (safe; 3% risk of failure)
Press: ? - help, Shift-Dir - straight line, f/p - Ijyb
Aim: Ijyb, wielding a +0 club, wearing a +0 ring mail and carrying a wand of iceblast (7) (strong, 75% to hit)
The searing ray hits Ijyb.
Ijyb is moderately wounded. (Press . to maintain the ray.)
* * * LOW HITPOINT WARNING * * *
The searing ray hits Ijyb.
Ijyb is heavily wounded.
* * * LOW HITPOINT WARNING * * *
Ijyb hits you with a +0 club!
You die...

#........ ...
#.......####.......
....#.......##.........
....#.......##........#+
............##........#.
............##........#.
#...........##........#.
>..........................[
....... #@.....#####...###
#.......# #g................
#.......#####...............##
#.......##.......##...........
#.......##.......##...........
#...†............##...........
..........................#...
..........................#...
..........................#...


You could see Ijyb (strong).

Vanquished Creatures
  Jessica (D:2)
  Terence (D:3)
  3 adders
  6 orcs
  3 bats
  4 endoplasms (D:1)
  3 giant cockroaches (D:1)
  6 goblins
  2 hobgoblins
  2 jackals (D:2)
  2 quokkas (D:3)
  4 ball pythons
  2 frilled lizards (D:1)
  8 kobolds
  7 rats
54 creatures vanquished.

Vanquished Creatures (others)
  5 fulminant prisms
5 creatures vanquished.

Grand Total: 59 creatures vanquished

Notes
Turn   | Place    | Note
-------+----------+-------------------------------------------
     0 | D:1      | loir the Djinni Conjurer began the quest for the Orb.
     0 | D:1      | loir set off with the following spells memorised: Magic
                  | Dart, Searing Ray, Dazzling Flash, Fulminant Prism,
                  | Iskenderun's Mystic Blast.
     0 | D:1      | Reached XP level 1. HP: 15/15 MP: 0/0
   204 | D:1      | Reached XP level 2. HP: 20/22 MP: 0/0
   230 | D:1      | Reached skill level 1 in Fighting
   579 | D:1      | Reached XP level 3. HP: 25/27 MP: 0/0
   579 | D:1      | Learned a level 1 spell: Necrotise
  1158 | D:2      | Found Xagrock's Antique Armour Shop.
  1164 | D:2      | Bought an embroidered robe for 92 gold pieces
  1284 | D:2      | Found a runed translucent door.
  1285 | D:2      | Noticed Crazy Yiuf
  1470 | D:2      | Reached XP level 4. HP: 30/33 MP: 0/0
  1728 | D:3      | Noticed Grinder
  1812 | D:3      | Noticed Jessica
  1820 | D:2      | Killed Jessica
  2037 | D:3      | Noticed Terence
  2051 | D:3      | Killed Terence
  2052 | D:3      | Reached skill level 4 in Spellcasting
  2052 | D:3      | Reached XP level 5. HP: 27/39 MP: 0/0
  2052 | D:3      | Learned a level 2 spell: Static Discharge
  2289 | D:3      | Noticed Ijyb
  2301 | D:3      | Slain by Ijyb

Illustrated notes

Levels and vault maps discovered:
D:1:      nicolae_arrival_memento_mori, layout_basic
D:2:      layout_basic, serial_shops, nicolae_shop_tiny_waterfront,
          minmay_tetromino_t4, uniq_crazy_yiuf_cottage
D:3:      layout_basic, uniq_grinder, uniq_jessica, uniq_ijyb, uniq_terence

Skill      XL: |  1  2  3  4 |
---------------+-------------+-----
Fighting       | 1 2 |  2.8
Dodging        | 3 |  3.2
Spellcasting   | 4 |  4.0
Stealth        | |  1.5

Action                     |  1- 3 |  4- 6 || total
---------------------------+-------+-------++-------
  Melee: Unarmed           |       |     2 ||     2
   Cast: Magic Dart        |    75 |    22 ||    97
         Searing Ray       |       |     8 ||     8
         Dazzling Flash    |       |     2 ||     2
         Fulminant Prism   |       |     5 ||     5
         Static Discharge  |       |     1 ||     1
    Use: Scroll            |     2 |     1 ||     3
   Stab: Invisible         |       |     1 ||     1
 Armour: Robe              |     3 |     3 ||     6
  Dodge: Dodged            |     7 |    18 ||    25
